AoeStats
← lavive3113

Lombardia

509963760Analyzed
2v2 RM · 2d ago on Sep 28, 2026· 38m 9s· 4 players
Game mode
Random Map
Map size
Medium (4 player)
Population
200
Speed
Normal
Resources
Standard
Victory
Conquest
Starting age
Dark Age
Ending age
Imperial Age
RankedLock teamsTeams togetherTeam positionsShared explorationLock speedFull tech treeHidden civsTurbo modeCheats
Victory
Defeat
🇦🇷 Goths · Argentina
839
+17
🇦🇷 Byzantines · Argentina
838
+17
🇫🇷 Burgundians · France
943
-20
🇫🇷 Georgians · France
798
-14
Deakoon
2:08 Loom
2:18 Loom
11:12 Feudal Age
11:40 Double-Bit Axe
17:04 Forging
17:00 Scale Barding Armor
17:35 Horse Collar
22:33 Castle Age
21:59 Wheelbarrow
22:02 Gold Mining
22:09 Stone Mining
23:22 Husbandry
24:08 Bow Saw
34:59 Imperial Age
33:00 Chain Barding Armor
33:16 Iron Casting
34:16 Hand Cart
36:17 Fletching
37:33 Plate Barding Armor
Leonhard7186
10:50 Feudal Age
9:05 Loom
11:11 Horse Collar
11:18 Double-Bit Axe
20:28 Castle Age
19:56 Scale Mail Armor
20:06 Forging
19:52 Gold Mining
28:22 Chain Mail Armor
30:37 Iron Casting
31:01 Pikeman
38:02 Imperial Age
missoukette
10:35 Feudal Age
12:48 Double-Bit Axe
18:53 Castle Age
18:11 Horse Collar
lavive3113
8:52 Double-Bit Axe
12:15 Feudal Age
11:01 Horse Collar
12:57 Heavy Plow
13:17 Bow Saw
18:06 Scale Barding Armor
20:41 Castle Age
18:37 Stone Mining
18:38 Gold Mining
22:08 Wheelbarrow
22:15 Crop Rotation
22:07 Husbandry
22:18 Light Cavalry
24:26 Two-Man Saw
26:15 Hand Cart
25:34 Cavalier
27:46 Pikeman
28:27 Squires
29:19 Scale Mail Armor
34:08 Imperial Age
31:34 Loom
31:35 Town Watch
34:11 Chain Mail Armor
35:03 Burgundian Vineyards
36:47 Conscription
Connection lost

Rejoining the realm…

Still unreachable

The connection could not be restored.

Session expired

The server has moved on; the page needs a fresh start.